Map: Efemeryda ER

Players

SergeyOrion - Winner!

  • Race: Terran Terran
  • League: Gold
  • Spawn Location: 5:00

kers

  • Race: Protoss Protoss
  • League: Platinum
  • Spawn Location: 11:00

VOD

Have the link to the VOD?

Description

Time

  • Played on: March 2, 2020, 2:58 p.m.
  • Length: 12:11
Show
View Real Time Build Order
Export as new Build Order

SergeyOrion Terran - Winner!

Build Orders:  

Get SALT Encoding   

  12  0:01  SCV  
  13  0:13  SCV  
  14  0:25  Supply Depot  
  14  0:30  SCV, Supply Depot  
  15  0:45  Supply Depot  
  15  0:47  SCV  
  16  0:58  Barracks  
  16  1:02  SCV  
  17  1:19  Barracks  
  17  1:20  SCV  
  18  1:32  SCV, Barracks  
  19  1:47  Barracks  
  19  1:48  SCV  
  19  1:51  Marine  
  21  2:05  SCV  
  21  2:08  Barracks  
  22  2:11  Marine x2  
  24  2:18  SCV  
  24  2:20  Marine  
  26  2:29  Marine x2  
  28  2:37  Marine  
  28  2:38  Marine  
  30  2:47  Marine, Supply Depot  
  30  2:48  Marine  
  32  2:55  Marine x2  
  32  2:56  Marine  
  35  2:58  SCV  
  36  3:05  Marine  
  36  3:06  Marine  
  36  3:09  Supply Depot  
  38  3:12  Marine  
  38  3:17  Marine  
  38  3:18  Marine  
  38  3:19  SCV  
  42  3:24  Marine, Refinery  
  42  3:26  Marine  
  44  3:31  Marine  
  45  3:37  Supply Depot  
  45  3:38  Marine  
  46  3:41  Marine  
  47  4:03  Marine x3  
  47  4:04  Marine x2  
  47  4:07  Refinery  
  47  4:08  Supply Depot  
  52  4:13  Engineering Bay  
  52  4:19  Orbital Command  
  52  4:22  Marine  
  47  5:14  Marine x4  
  47  5:15  Marine  
  52  5:22  Terran Infantry Weapons Level 1  
  52  5:25  Factory  
  52  5:32  Marine  
  42  6:00  Marine x3  
  42  6:02  Marine  
  42  6:03  Marine  
  45  6:10  Starport  
  42  6:18  Marine, Supply Depot  
  43  6:20  Marine x2  
  43  6:21  Marine x2  
  43  6:23  Factory Tech Lab  
  47  6:31  Command Center  
  47  6:33  Missile Turret  
  47  6:34  Missile Turret  
  47  6:45  Missile Turret  
  47  6:48  Marine x2  
  47  6:49  Marine  
  50  6:57  Medivac  
  52  7:02  Barracks Tech Lab  
  52  7:09  Marine x3  
  55  7:16  Terran Infantry Armor Level 1  
  55  7:22  Stimpack  
  55  7:25  Barracks Tech Lab  
  55  7:27  Marine x2  
  55  7:28  Marine x2  
  59  7:52  Marine x2  
  59  7:53  Marine x3  
  59  7:56  Combat Shield  
  64  7:58  Medivac  
  66  8:10  Marine x3  
  64  8:42  Marine x5  
  69  9:00  Marine  
  66  9:38  Marine x5  
  71  9:56  Marine  
  71  9:57  Marauder x2  
  76  10:00  Planetary Fortress  
  76  10:11  Starport Reactor  
  76  10:13  Hi-Sec Auto Tracking  
  76  10:16  Marine x3  
  79  10:49  Refinery  
  79  10:50  Refinery  
  79  10:57  Missile Turret  
  79  10:58  Missile Turret  
  79  10:59  Medivac  
  81  11:10  Siege Tank  
  84  11:14  Barracks Reactor  
  84  11:20  Concussive Shells  
  84  11:21  Barracks Reactor  
  84  11:23  Barracks Reactor  
  84  11:39  Medivac  
  86  11:40  Medivac  
Show
View Real Time Build Order
Export as new Build Order

kers Protoss 

Build Orders:  

Get SALT Encoding   

  12  0:00  Probe  
  13  0:13  Probe  
  14  0:19  Pylon  
  14  0:25  Probe  
  15  0:37  Probe  
  15  0:39  Gateway  
  16  0:49  Probe (Chrono Boost)  
  17  0:52  Assimilator  
  17  1:01  Probe (Chrono Boost)  
  18  1:06  Probe (Chrono Boost)  
  19  1:15  Probe  
  20  1:26  Cybernetics Core  
  20  1:27  Probe  
  21  1:45  Nexus  
  21  1:47  Probe  
  21  1:54  Pylon  
  22  1:58  Warp Gate (Chrono Boost)  
  22  1:59  Probe  
  23  2:11  Adept (Chrono Boost)  
  23  2:12  Probe  
  26  2:24  Probe, Gateway  
  27  2:31  Pylon  
  27  2:36  Probe  
  28  2:42  Stalker  
  30  2:48  Probe  
  30  2:50  Assimilator  
  31  3:01  Probe x2  
  33  3:13  Probe x2  
  35  3:23  Robotics Facility  
  35  3:25  Probe x2  
  37  3:35  Sentry  
  37  3:37  Probe x2, Stalker  
  43  3:42  Pylon  
  43  3:48  Forge  
  43  3:49  Probe, Assimilator  
  43  3:50  Probe  
  43  3:51  Assimilator  
  45  4:01  Probe  
  45  4:02  Probe  
  47  4:10  Immortal (Chrono Boost)  
  47  4:13  Probe  
  47  4:14  Probe  
  53  4:23  Protoss Ground Weapons Level 1  
  53  4:25  Probe  
  53  4:26  Probe  
  53  4:28  Photon Cannon  
  55  4:33  Pylon  
  55  4:37  Probe  
  55  4:38  Probe, Pylon  
  44  4:51  Immortal (Chrono Boost)  
  39  4:53  Stalker  
  32  5:09  Zealot  
  34  5:17  Immortal (Chrono Boost)  
  38  5:22  Sentry  
  40  5:35  Pylon  
  40  5:36  Pylon  
  40  5:38  Pylon  
  36  5:55  Stalker  
  32  5:57  Stalker  
  34  6:10  Immortal (Chrono Boost)  
  38  6:20  Sentry  
  40  6:27  Gateway  
  40  6:29  Gateway  
  40  6:44  Pylon, Immortal  
  44  6:50  Sentry  
  46  7:05  Shield Battery  
  46  7:06  Photon Cannon  
  46  7:12  Sentry  
  46  7:14  Stalker  
  50  7:26  Immortal (Chrono Boost)  
  54  7:38  Probe  
  54  7:41  Stalker  
  57  7:49  Pylon  
  57  7:50  Probe  
  58  7:52  Protoss Ground Armor Level 1  
  58  8:03  Observer (Chrono Boost)  
  59  8:09  Probe  
  60  8:13  Observer  
  60  8:18  Pylon  
  60  8:21  Probe, Pylon  
  61  8:36  Immortal (Chrono Boost)  
  65  8:49  Sentry  
  65  8:51  Sentry  
  69  9:02  Observer  
  66  9:35  Nexus  
  43  10:32  Probe  
  44  10:44  Probe  
  45  10:54  Probe (Chrono Boost)  
  47  11:05  Probe (Chrono Boost)  
  47  11:10  Probe (Chrono Boost)  
  48  11:19  Probe  
  48  11:34  Probe (Chrono Boost)  
  48  11:38  Probe (Chrono Boost)  
  50  11:44  Probe (Chrono Boost)  
  52  11:47  Probe (Chrono Boost)  
  52  11:49  Probe (Chrono Boost)  
  53  11:58  Probe (Chrono Boost)  
  53  12:01  Probe (Chrono Boost)  
Tags
 
Add a new tag
Caveats
  • Supply blocks, unpowered buildings, or Contaminate may cause inaccurate times.
  • Supply counts are checked every 10 seconds.